Unix NetHack Version 5.0.0-0 post-release - last build May  4 2026 22:22:43 (774f63e81ad911689b3a0859ea89b322d5daca8d,branch:main).

Game began 2026-05-08 09:33:55, ended 2026-05-08 09:57:05.

BSL2425737, lawful female dwarven Valkyrie

       --------
       |......|
       |......-#
       |..%...|#
       |..<...|##
       |...`..| #
       ---.---- #
                #
                #
                #####
                    ##
                     r
                     @
                    r@rr
                        ....
                         ..?..
                          ...|
                          ----

BSL2425737 the Skirmisher   St:14 Dx:12 Co:20 In:10 Wi:9 Ch:10  Lawful
Dlvl:4  $:60 HP:0(33) Pw:3(3) AC:6  Xp:3 T:1122 

Latest messages:
 You kill the coyote!
 You miss the shrieker.
 You hit the shrieker!
 You hit the shrieker.
 You miss the shrieker.
 You miss the shrieker.
 You miss the shrieker.
 You kill the shrieker!
 You see here a chest.
 You have trouble lifting a chest.  Continue? [ynq] (q) n
 You descend the stairs.
 You see here 9 gold pieces.
 $ - 9 gold pieces (60 in total).
 You hit the dwarf zombie.
 You miss the dwarf zombie.
 You miss the dwarf zombie.
 The dwarf zombie hits!
 You miss the dwarf zombie.
 The dwarf zombie hits!
 You destroy the dwarf zombie!
 You hear someone counting gold coins.
 You see here a dwarf corpse.
 You have trouble lifting a dwarf corpse.  Continue? [ynq] (q) n
 You see here a food ration.
 You learn more about your items by comparing them.
 d - an uncursed food ration (2 in total).
 The door resists!
 The door opens.
 You find a hidden passage.
 The wererat summons help!
 A sewer rat suddenly appears next to you!
 A sewer rat suddenly appears next to you!
 A rabid rat suddenly appears next to you!
 A sewer rat suddenly appears close by!
 A giant rat suddenly appears close by!
 The wererat thrusts her spear.
 The wererat hits!
 You miss the sewer rat.
 The rabid rat bites!
 The rabid rat's bite was poisoned!
 The sewer rat bites!
 The sewer rat just misses!
 The wererat thrusts her spear.
 The wererat hits!
 You die...
 Do you want your possessions identified? [ynq] (y) y
 Do you want to see your attributes? [ynq] (y) y
 Do you want an account of creatures vanquished? [ynaq] (y) y
 Do you want to see your conduct and achievements? [ynq] (y) y
 Do you want to see the dungeon overview? [ynq] (y) y

Inventory:
 Coins    ('$')
  $ - 60 gold pieces
 Weapons  (')')
  b - a +0 dagger (alternate weapon; not wielded)
  a - a +1 dwarvish spear (weapon in right hand)
  o - a blessed +1 orcish dagger
  m - a +0 orcish dagger
  k - a +0 spear
  g - 2 cursed +0 spears
  x - a +0 glaive
 Armor    ('[')
  f - a blessed +1 orcish helm
  n - an uncursed +0 orcish helm
  c - an uncursed +3 small shield (being worn)
 Comestibles  ('%')
  d - 2 uncursed food rations
  u - an uncursed partly eaten food ration
  h - a cursed orange
 Scrolls  ('?')
  s - an uncursed scroll of remove curse
 Potions  ('!')
  l - an uncursed potion of gain energy
 Tools    ('(')
  q - an uncursed locked large box containing 2 items
  i - a cursed expensive camera (0:80)
  w - an uncursed mirror
  e - an uncursed oil lamp
 Gems/Stones  ('*')
  t - an uncursed worthless piece of black glass
  j - a cursed worthless piece of green glass
  v - an uncursed worthless piece of orange glass

Contents of the large box:
  236 gold pieces
  a wand of probing (0:8)

BSL2425737 the Valkyrie's attributes:

Background:
 You were a Skirmisher, a level 3 dwarven Valkyrie.
 You were lawful, nominally on a mission for Tyr
 who was opposed by Odin (neutral) and Loki (chaotic).
 You were right-handed.
 You were in the Dungeons of Doom, on level 4.
 You entered the dungeon 1122 turns ago.
 You had 57 experience points, 23 more were needed to attain level 4.

Basics:
 You had 0 out of 33 hit points.
 You had all 3 energy points (spell power).
 Your armor class was 6.
 Your wallet contained 60 zorkmids, and
 you had 236 more stashed away in your pack.
 Autopickup was off.

Final Characteristics:
 Your strength was 14 (limit:18/100).
 Your dexterity was 12 (limit:20).
 Your constitution was 20 (limit:20).
 Your intelligence was 10 (limit:16).
 Your wisdom was 9 (limit:16).
 Your charisma was 10 (limit:16).

Final Status:
 You weren't hungry.
 You were unencumbered.
 You were wielding a spear.
 You had basic skill with spear.

Final Attributes:
 You were devoutly aligned.
 You were cold resistant.
 You had infravision.
 You were stealthy.
 You are dead.

Miscellaneous:
 You didn't encounter any bones levels.
 Total elapsed playing time was 23 minutes and 9 seconds.

Major events:
 Turn
    1: BSL2425737 the lawful dwarven Valkyrie entered the dungeon
 1003: attained the rank of Skirmisher (level 3)
 1122: killed by a wererat

You didn't know any spells.

Skills:
 Fighting Skills
   bare handed combat [Unskilled]
   two weapon combat  [Unskilled]
   riding             [Unskilled]
 Weapon Skills
   dagger             [Basic]
   axe                [Unskilled]
   pick-axe           [Unskilled]
   short sword        [Unskilled]
   broadsword         [Unskilled]
   long sword         [Unskilled]
   two-handed sword   [Unskilled]
   saber              [Unskilled]
   hammer             [Unskilled]
   quarterstaff       [Unskilled]
   polearms           [Unskilled]
   spear              [Basic]
   trident            [Unskilled]
   lance              [Unskilled]
   sling              [Unskilled]
 Spellcasting Skills
   attack spells      [Unskilled]
   escape spells      [Unskilled]

Voluntary challenges:
 Character rerolling was not enabled.
 You followed a strict vegan diet.
 You were an atheist.
 You were illiterate.
 You never genocided any monsters.
 You never polymorphed an object.
 You never changed form.
 You used no wishes.
Achievement:
 You attained the rank of Skirmisher.

 The Dungeons of Doom: levels 1 to 4
    Level 1:
    Level 2:
    Level 3:
       An altar.
    Level 4: <- You were here.
       Final resting place for
          you, killed by a wererat.


Vanquished creatures:
  a shrieker
  a dwarf zombie
  3 coyotes
  2 geckos
  a fox
  2 goblins
  2 sewer rats
  4 grid bugs
  3 lichens
  2 kobold zombies
  3 newts
24 creatures vanquished.

No species were genocided or became extinct.

Game over:
                       ----------
                      /          \
                     /    REST    \
                    /      IN      \
                   /     PEACE      \
                  /                  \
                  |    BSL2425737    |
                  |      296 Au      |
                  |   killed by a    |
                  |     wererat      |
                  |                  |
                  |                  |
                  |       2026       |
                 *|     *  *  *      | *
        _________)/\\_//(\/(/\)/\//\/|_)_______

Farvel BSL2425737 the Valkyrie...

You died in The Dungeons of Doom on dungeon level 4 with 645 points,
and 296 pieces of gold, after 1122 moves.
You were level 3 with a maximum of 33 hit points when you died.

